 Dungeon Crawl Stone Soup version 0.28.0-53-g5a82cb258f (webtiles) character file.

Game seed: 7377963925235509611

46 jiml777 the Digger (level 3, -3/19 HPs)
             Began as a Gargoyle Earth Elementalist on June 8, 2022.
             Slain by a goblin
             ... wielding a +0 club
             ... led by Robin
              (5 damage)
             ... on level 2 of the Dungeon.
             The game lasted 00:08:08 (2304 turns).

jiml777 the Digger (Gargoyle Earth Elementalist)    Turns: 2304, Time: 00:08:10

Health: -3/19      AC:  5    Str: 11    XL:     3   Next: 68%
Magic:  6/6        EV: 12    Int: 17    God:
Gold:   11         SH:  0    Dex: 10    Spells: 6/7 levels left

rFire   . . .      SeeInvis .   k - +0 short sword
rCold   . . .      Faith    .   (no shield)
rNeg    + . .      Spirit   .   b - +0 robe
rPois   ∞          Reflect  .   (no helmet)
rElec   +          Harm     .   (no cloak)
rCorr   .          Rampage  .   (no gloves)
Will    .....                   (no boots)
Stlth   ++........              (no amulet)
HPRegen 0.06/turn               (no ring)
MPRegen 0.10/turn               (no ring)

@: no status effects
A: sickness immunity, AC +3, negative energy resistance 1, electricity
resistance, torment resistance 1, petrification resistance
a: no special abilities


You were on level 2 of the Dungeon.
You visited 1 branch of the dungeon, and saw 2 of its levels.

You collected 11 gold pieces.

Inventory:

Hand Weapons
 d - a +0 dagger
 k - a +0 short sword (weapon)
Missiles
 c - 5 stones
 g - 2 silver boomerangs
 h - 4 poisoned darts
 i - 29 bolts
Armour
 b - a +0 robe (worn)
Scrolls
 a - a scroll of holy word {unknown}
 e - a scroll of teleportation {unknown}
Potions
 f - a potion of degeneration {unknown}
 j - a potion of heal wounds {unknown}


   Skills:
 + Level 0.1 Fighting
 + Level 0.3 Short Blades
 + Level 2.0 Dodging
 + Level 2.3 Stealth
 + Level 2.5 Spellcasting
 + Level 0.7 Transmutations
 + Level 4.5 Earth Magic


You had 6 spell levels left.
You knew the following spells:

 Your Spells              Type           Power      Damage    Failure   Level
a - Sandblast             Erth           34%        2d9       3%          1

Your spell library contained the following spells:

 Spells                   Type           Power      Damage    Failure   Level
 Passwall                 Tmut/Erth      9%         N/A       10%         2
 Stone Arrow              Conj/Erth      18%        3d8       22%         3
 Petrify                  Tmut/Erth      11%        N/A       54%         4


Dungeon Overview and Level Annotations

Branches:
Dungeon (2/15)

Altars:

Annotations:
D:2 Natasha, Robin


Innate Abilities, Weirdness & Mutations

You are immune to sickness and miasma.
Your stone body is resilient. (AC +3)
You are immune to poison.
You resist negative energy. (rN+)
You are resistant to electric shocks. (rElec)
You are resistant to unholy torment.
You are immune to petrification.


Message History

A goblin comes into view. It is wielding a +0 club.
You hit the goblin.
The goblin is heavily wounded.
The goblin hits you but does no damage. The goblin hits you with a +0 club.
Robin roars a battlecry!
The goblins go into a battle-frenzy!
The goblin completely misses you.
You barely miss the goblin.
The goblin is heavily wounded.
The goblin barely misses you. The goblin closely misses you.
A goblin comes into view. It is wielding a +4 dagger.
The goblin barely misses you.
You closely miss the goblin.
The goblin is heavily wounded.
A hobgoblin comes into view.
The goblin hits you with a +0 club. The goblin closely misses you.
The goblin hits you but does no damage.
Unknown command.
You closely miss the goblin.
A goblin comes into view. It is wielding a +0 dagger.
Natasha casts a spell.
The goblin hits you but does no damage. x2; The goblin hits you with a +0 club.
You miss the goblin. The goblin completely misses you.
The goblin hits you with a +0 club. The goblin hits you but does no damage.
You hit the goblin.
The goblin is severely wounded.
Natasha casts a spell.
The goblin hits you with a +0 club. The goblin barely misses you.
The goblin misses you.
You barely miss the goblin.
The goblin is severely wounded.
The goblin misses you. x3; The goblin hits you but does no damage.
You hit the goblin.
You kill the goblin!
The goblin closely misses you.
A goblin comes into view. It is wielding a +0 club.
The goblin hits you with a +0 club.
* * * LOW HITPOINT WARNING * * *
The goblin hits you with a +0 club.
You die...

### ... ... ###.###.##
#.#.#.#.. #
.#g#.#.#.###.##
..ggg.........#####
...ggg.............
g###g###.###.## #.#
#@g.#...#.# #.#
#.#.###h###†###.## #.#
#.h....55.g......###.###
#[......................
....###.###.#.#..###.###
..# #.# #.#.#.## #>.. #
#.# #.###.# #.... ...
... ..# ##... ...
####### #.#


You could see Robin, Natasha, a crimson imp (summoned), a shadow imp (summoned)
and 8 goblins.

Vanquished Creatures
  A dart slug (D:1)
  An endoplasm (D:1)
  2 giant cockroaches (D:1)
  6 goblins
  A hobgoblin (D:2)
  4 jackals (D:1)
  4 kobolds (D:1)
  2 quokkas (D:1)
  8 ball pythons
  8 bats (D:1)
  A frilled lizard (D:1)
  3 rats (D:1)
41 creatures vanquished.

Notes
Turn   | Place    | Note
-------+----------+-------------------------------------------
     0 | D:1      | jiml777 the Gargoyle Earth Elementalist began the quest for
                  | the Orb.
     0 | D:1      | Reached XP level 1. HP: 10/10 MP: 3/3
   271 | D:1      | Reached skill level 4 in Earth Magic
   271 | D:1      | Reached XP level 2. HP: 15/15 MP: 3/5
   587 | D:1      | Reached XP level 3. HP: 19/19 MP: 1/6
  1562 | D:1      | Found a faded altar of an unknown god.
  2292 | D:2      | Noticed Natasha
  2296 | D:2      | Noticed Robin
  2304 | D:2      | Slain by a goblin

Illustrated notes

Levels and vault maps discovered:
D:1:      lightli_arrival_lavapool, layout_loops_ring, basic_ecumenical_altar
D:2:      layout_loops_ring, serial_shops, shop, minmay_misc_feat_nine_boxes,
          uniq_robin, uniq_crazy_yiuf_cottage, uniq_natasha

Skill      XL: |  1  2  3 |
---------------+----------+-----
Earth Magic    | 4 |  4.5
Dodging        | 2 |  2.0
Fighting       | |  0.1
Short Blades   | |  0.3
Stealth        | |  2.3
Spellcasting   | |  2.5
Transmutations | |  0.7

Action                   || total
-------------------------++-------
Melee: Unarmed           ||    23
       Dagger            ||    82
       Punch             ||     2
       Short sword       ||    29
 Cast: Sandblast         ||    30
 Stab: Sleeping          ||     2
Armor: Robe              ||    45
Dodge: Dodged            ||   114
